 Dungeon Crawl Stone Soup version 0.27-a0-1200-g94dc6ad (webtiles) character file.

Game seed: 1648873272018469589

4 Meow the Stinger (level 1, 15/15 HPs)
             Began as a Naga Venom Mage on June 1, 2021.
             Quit the game on level 1 of the Dungeon.
             The game lasted 00:00:48 (357 turns).

Meow the Stinger (Naga Venom Mage)                   Turns: 357, Time: 00:00:49

Health: 15/15      AC:  1    Str: 10    XL:     1   Next: 60%
Magic:  3/3        EV:  9    Int: 15    God:
Gold:   0          SH:  0    Dex: 11    Spells: 3/4 levels left

rFire    . . .     SeeInvis +   (no weapon)
rCold    . . .     Faith    .   (no shield)
rNeg     . . .     Spirit   .   a - +0 robe
rPois    +         Reflect  .   (no helmet)
rElec    .         Harm     .   (no cloak)
rCorr    .         Rampage  .   (no gloves)
Will     .....                  (no barding)
Stlth    ++........             (no amulet)
HPRegen  0.05/turn              c - ring of wizardry
MPRegen  0.08/turn              (no ring)

@: very slow
A: AC +0, large, see invisible, deformed body, poison resistance, slowness 2,
spit poison 1, naga tail 1
a: Spit Poison


You were on level 1 of the Dungeon.
You visited 1 branch of the dungeon, and saw 1 of its levels.

Inventory:

Armour
 a - a +0 robe (worn)
Jewellery
 c - a ring of wizardry (left hand)
Scrolls
 b - a scroll of amnesia {unknown}


   Skills:
 - Level 1.5 Dodging
 - Level 3.0 Stealth
 + Level 2.1 Spellcasting
 + Level 0.6 Conjurations
 - Level 1.0 Transmutations
 - Level 4.0 Poison Magic


You had 3 spell levels left.
You knew the following spells:

 Your Spells              Type           Power      Damage    Failure   Level
a - Sting                 Tmut/Pois      36%        1d4       3%          1

Your spell library contained the following spells:

 Spells                   Type           Power      Damage    Failure   Level
 Poisonous Vapours        Pois/Air       14%        N/A       6%          2
 Ignite Poison            Fire/Tmut/Pois 6%         N/A       13%         3
 Mephitic Cloud           Conj/Pois/Air  6%         N/A       14%         3
 Olgreb's Toxic Radiance  Pois           13%        N/A       16%         4


Dungeon Overview and Level Annotations

Branches:
Dungeon (1/15)

Altars:


Innate Abilities, Weirdness & Mutations

Your serpentine skin is tough. (AC +0)
You have supernaturally acute eyesight. (SInv)
Armour fits poorly on your strangely shaped body.
Your system is resistant to poisons. (rPois)
You cover ground very slowly.
You can spit poison.
You have a snake-like lower body.


Message History

You have got your breath back.
There is a stone staircase leading down here.
c - a ring of wizardry
c - a ring of wizardry (left hand)
A rat comes into view.
Press: ? - help, Shift-Dir - straight line, f - rat
Aim: a rat The splash of poison hits the rat.
The rat is poisoned.
The rat is moderately wounded.
You kill the rat!
You start waiting.
You have got your breath back.
An endoplasm comes into view.
Press: ? - help, Shift-Dir - straight line, f - endoplasm
Aim: an endoplasm The splash of poison hits the endoplasm.
The endoplasm is poisoned.
The endoplasm is lightly wounded.
Unknown command.
Casting: Sting (safe; 3% risk of failure)
Confirm with . or Enter, or press ? or * to list all spells.
Aiming: Sting (safe; 3% risk of failure)
Press: ? - help, Shift-Dir - straight line, f/p - endoplasm
Aim: an endoplasm (heavily wounded, poisoned, 97% to hit)
The sting hits the endoplasm.
The endoplasm looks even sicker.
The endoplasm is severely wounded.
Casting: Sting (safe; 3% risk of failure)
Confirm with . or Enter, or press ? or * to list all spells.
Aiming: Sting (safe; 3% risk of failure)
Press: ? - help, Shift-Dir - straight line, f/p - endoplasm
Aim: an endoplasm (severely wounded, very poisoned, 97% to hit)
The sting hits the endoplasm.
The endoplasm partially resists.
The endoplasm is almost dead.
You have got your breath back.
You kill the endoplasm!
You start resting.
Magic restored.
You start waiting.
Done waiting.
Are you sure you want to abandon this character and quit the game? (Confirm with "yes".)

##### #...# ..... .# #.
#.#.# #....#. #.#.#
.....#. ..####.#.# #.#.#.
##.....#@########...#.###
.........................
##.....#.#.......#......#
.........#.......#.......
####...###.......#.....##
#... +.......+.....##
#... #.......#.#..#..
..... +..............#
############
#.......##.#...#


There were no monsters in sight!

Vanquished Creatures
  An endoplasm (D:1)
  2 bats (D:1)
  A rat (D:1)
4 creatures vanquished.

Notes
Turn   | Place    | Note
-------+----------+-------------------------------------------
     0 | D:1      | Meow the Naga Venom Mage began the quest for the Orb.
     0 | D:1      | Reached XP level 1. HP: 15/15 MP: 3/3
   357 | D:1      | Quit the game

Illustrated notes

Levels and vault maps discovered:
D:1:      scummos_arrival_gate, layout_basic, minmay_misc_feat_square,
          st_stairs_1

Action                   || total
-------------------------++-------
Melee: Unarmed           ||     1
 Cast: Sting             ||     3
 Abil: Spit Poison       ||     4
Dodge: Dodged            ||     2

Table legend: (Time is in decaauts)
 A = Elapsed time spent in this place.
 B = Non-inter-level travel time spent in this place.
 C = Inter-level travel time spent in this place.
 D = Time resting spent in this place.
 E = Time spent auto-exploring this place.
 F = Levels seen in this place.
 G = Mean time per level.
                   A        B        C        D        E       F      G
               +--------+--------+--------+--------+--------+-----+--------+
         Total |    423 |    423 |      0 |    140 |    223 |   1 |  423.0 |
       Dungeon |    423 |    423 |      0 |    140 |    223 |   1 |  423.0 |
               +--------+--------+--------+--------+--------+-----+--------+

Top non-repeatable levels by time:
     D:1: 423 daAuts
